AoeStats
← flippyfloppy2000

Highland

505526344Analyzed
2v2 RM · 21d ago on Sep 9, 2026· 63m 12s· 4 players
Game mode
Random Map
Map size
Medium (4 player)
Population
200
Speed
Normal
Resources
Standard
Victory
Conquest
Starting age
Dark Age
Ending age
Imperial Age
RankedLock teamsTeams togetherTeam positionsShared explorationLock speedFull tech treeHidden civsTurbo modeCheats
Victory
Defeat
🇳🇦 Mongols · Namibia
1078
+19
🇩🇪 Poles · Germany
1062
+19
🇪🇸 Mongols · Spain
1158
-20
🇫🇮 Ethiopians · Finland
1119
-18
Swarm
4:42 Loom
11:12 Feudal Age
15:16 Castle Age
13:33 Double-Bit Axe
13:30 Horse Collar
17:15 Bow Saw
22:56 Fletching
35:31 Wheelbarrow
35:06 Heavy Plow
35:52 Scale Mail Armor
36:43 Bloodlines
36:34 Husbandry
35:54 Light Cavalry
39:25 Hand Cart
39:43 Chain Mail Armor
40:31 Town Watch
45:37 Imperial Age
43:32 Forging
45:50 Iron Casting
45:26 Town Patrol
47:05 Plate Mail Armor
47:43 Blast Furnace
47:43 Crop Rotation
56:55 Winged Hussar
61:01 Gold Mining
61:03 Stone Mining
flippyfloppy2000
3:24 Loom
10:50 Feudal Age
15:03 Castle Age
13:31 Double-Bit Axe
14:19 Horse Collar
16:07 Bow Saw
16:42 Town Watch
17:36 Wheelbarrow
17:53 Town Watch
24:53 Fletching
27:14 Bodkin Arrow
30:14 Husbandry
30:25 Bloodlines
31:12 Heavy Plow
34:08 Hand Cart
33:30 Light Cavalry
37:05 Imperial Age
34:45 Scale Barding Armor
34:50 Forging
34:40 Padded Archer Armor
36:04 Coinage
35:35 Caravan
35:59 Chain Barding Armor
36:40 Herbal Medicine
37:10 Ballistics
36:46 Murder Holes
37:02 Fortified Wall
37:10 Thumb Ring
38:13 Parthian Tactics
38:02 Gold Mining
38:02 Stone Mining
39:22 Chemistry
37:59 Hussar
39:23 Conscription
39:05 Nomads
39:59 Hoardings
38:54 Sappers
40:42 Iron Casting
40:07 Bracer
40:23 Leather Archer Armor
40:16 Elite Mangudai
42:46 Blast Furnace
46:37 Drill
50:14 Capped Ram
51:44 Siege Ram
62:22 Siege Engineers
62:37 Squires
62:22 Arson
61:58 Man-at-Arms
ennio2mil
9:58 Feudal Age
11:49 Loom
14:55 Castle Age
13:26 Double-Bit Axe
14:14 Fletching
15:01 Gold Mining
16:54 Bodkin Arrow
26:15 Padded Archer Armor
32:39 Imperial Age
32:13 Ballistics
33:41 Bracer
34:56 Leather Archer Armor
35:38 Bloodlines
37:19 Chemistry
37:45 Thumb Ring
38:09 Parthian Tactics
38:02 Thumb Ring
38:58 Wheelbarrow
39:36 Husbandry
45:49 Conscription
45:28 Heavy Cavalry Archer
53:15 Murder Holes
KinE
11:18 Feudal Age
10:16 Loom
13:27 Fishing Lines
15:20 Double-Bit Axe
18:11 Castle Age
19:53 Squires
20:15 Fletching
20:25 Padded Archer Armor
21:01 Gold Mining
20:38 Crossbowman
22:24 Wheelbarrow
21:33 Elite Skirmisher
22:19 Horse Collar
25:07 Bodkin Arrow
27:37 Wheelbarrow
28:04 Leather Archer Armor
30:45 Thumb Ring
31:44 Hand Cart
31:16 Town Watch
31:43 Bow Saw
36:18 Imperial Age
34:12 Ballistics
35:00 Masonry
36:26 Heavy Plow
37:26 Torsion Engines
37:47 Conscription
37:54 Bracer
37:40 Arbalester
39:41 Ring Archer Armor
40:38 Heavy Scorpion
41:36 Halberdier
42:37 Forging
42:27 Scale Mail Armor
43:50 Chemistry
42:55 Siege Engineers
44:52 Iron Casting
44:23 Scale Barding Armor
44:33 Chain Mail Armor
61:24 Two-Man Saw
Connection lost

Rejoining the realm…

Still unreachable

The connection could not be restored.

Session expired

The server has moved on; the page needs a fresh start.